 Dungeon Crawl Stone Soup version 0.28.0-43-g3370ac3207 (webtiles) character file.

Game seed: 10734173544670597467

924 RascalDebosk the Poker (level 7, -8/63 HPs)
             Began as a Minotaur Monk on Apr 1, 2022.
             Mangled by an ice beast (9 damage)
             ... on level 5 of the Dungeon.
             The game lasted 00:26:09 (4967 turns).

RascalDebosk the Poker (Minotaur Monk)              Turns: 4967, Time: 00:26:12

Health: -8/63      AC:  6    Str: 17    XL:     7   Next: 84%
Magic:  6/6        EV:  8    Int:  7    God:
Gold:   209        SH:  0    Dex: 13    Spells: 6/6 levels left

rFire   . . .      SeeInvis .   a - +0 spear
rCold   . . .      Faith    .   (no shield)
rNeg    . . .      Spirit   .   t - +0 chain mail
rPois   .          Reflect  .   (helmet restricted)
rElec   .          Harm     .   (no cloak)
rCorr   .          Rampage  .   (no gloves)
Will    .....                   p - +0 pair of boots
Stlth   ..........              (no amulet)
HPRegen 0.20/turn               h - +4 ring of protection
MPRegen 0.10/turn               (no ring)

@: corroded
A: horns 2, retaliatory headbutt
a: no special abilities


You were on level 5 of the Dungeon.
You visited 1 branch of the dungeon, and saw 5 of its levels.

You collected 209 gold pieces.

Inventory:

Hand Weapons
 a - a +0 spear (weapon)
 b - a +3 short sword of flaming
Missiles
 e - 73 stones
 f - 12 poisoned darts
 n - 6 javelins (quivered)
Armour
 p - a +0 pair of boots (worn)
 t - a +0 chain mail (worn)
Jewellery
 h - a +4 ring of protection (left hand)
Wands
 q - a wand of mindburst (18)
 r - a wand of flame (22)
Scrolls
 m - a scroll of blinking
Potions
 c - a potion of invisibility
 d - a potion of might {unknown}
 i - a potion of berserk rage {unknown}
 j - a potion of lignification {unknown}
 k - 2 potions of cancellation
 l - a potion of mutation {unknown}
 o - a potion of flight {unknown}


   Skills:
 + Level 6.0 Fighting
 + Level 6.0 Polearms
 + Level 3.7 Throwing
 + Level 4.5 Armour
 - Level 3.2 Dodging
 - Level 1.5 Stealth
 + Level 3.4 Evocations


You had 6 spell levels left.
You didn't know any spells.
Your spell library was empty.

Dungeon Overview and Level Annotations

Branches:
Dungeon (5/15)
 Temple: D:4-7

Altars:
Elyvilon
Gozag
Hepliaklqana
Kikubaaqudgha
Makhleb
Ru
Uskayaw
Xom
Yredelemnul
Zin


Innate Abilities, Weirdness & Mutations

You have a pair of horns on your head.
You reflexively headbutt those who attack you in melee.


Message History

The ice beast hits you. The ice beast freezes you. The jelly hits you.
You are splashed with acid!
* * * LOW HITPOINT WARNING * * *
You are too injured to fight recklessly!
You are too injured to fight recklessly!
You are too injured to fight recklessly!
You are too injured to fight recklessly!
You hit the jelly but do no damage.
Your hands burn!
* * * LOW HITPOINT WARNING * * *
The jelly is severely wounded.
The ice beast hits you but does no damage.
You barely miss the jelly.
You headbutt the jelly, but do no damage.
The jelly is severely wounded.
The jelly completely misses you. The ice beast barely misses you.
You barely miss the jelly.
The jelly is severely wounded.
The jelly barely misses you. You furiously retaliate!
You headbutt the jelly.
The ice beast hits you but does no damage.
You hit the jelly but do no damage.
Your hands burn!
* * * LOW HITPOINT WARNING * * *
The jelly is severely wounded.
The jelly hits you but does no damage.
You hit the jelly but do no damage.
Your hands burn!
* * * LOW HITPOINT WARNING * * *
You headbutt the jelly.
You kill the jelly!
The ice beast hits you but does no damage.
Your Fighting skill increases to level 6!
You hit the adder zombie. You headbutt the adder zombie.
The adder zombie is heavily damaged.
The ice beast hits you but does no damage.
The adder zombie closely misses you.
You hit the adder zombie.
The adder zombie is heavily damaged.
The adder zombie barely misses you. You furiously retaliate!
You headbutt the adder zombie. The ice beast hits you.
* * * LOW HITPOINT WARNING * * *
The ice beast freezes you!
You die...

## . #### ..###
..... .....
......#########
#####
......Z@......#
.!.$..Y.......'...
.'...
.............n####
##...
.................
....$
######............
.....
#######......
..... ###### ##..
#..


You could see an ice beast, a necrophage and an adder zombie.

Vanquished Creatures
  Grinder (D:4)
  2 scorpions
  A water moccasin skeleton (D:5)
  A jelly (D:5)
  3 orc priests (D:3)
  3 iron imps (D:4)
  An iguana (D:4)
  3 orc wizards
  9 gnolls
  6 adders
  A shadow imp (D:5)
  2 worms
  A dart slug (D:2)
  16 orcs
  6 ball pythons
  3 bats (D:1)
  4 endoplasms
  2 giant cockroaches (D:1)
  9 goblins
  7 hobgoblins
  4 jackals (D:1)
  12 kobolds
  4 quokkas
  7 frilled lizards
  6 rats
114 creatures vanquished.

Notes
Turn   | Place    | Note
-------+----------+-------------------------------------------
     0 | D:1      | RascalDebosk the Minotaur Monk began the quest for the Orb.
     0 | D:1      | Reached XP level 1. HP: 19/19 MP: 0/0
   277 | D:1      | Reached XP level 2. HP: 27/27 MP: 1/1
   466 | D:1      | Reached skill level 1 in Armour
   864 | D:1      | Reached skill level 1 in Throwing
   947 | D:1      | Reached XP level 3. HP: 33/33 MP: 2/2
  1227 | D:2      | Reached skill level 1 in Evocations
  2170 | D:3      | Found a hazy altar of Hepliaklqana.
  2186 | D:3      | Reached XP level 4. HP: 38/40 MP: 3/3
  2237 | D:3      | Reached XP level 5. HP: 14/47 MP: 4/4
  2467 | D:3      | Found a sacrificial altar of Ru.
  3161 | D:3      | Reached XP level 6. HP: 55/55 MP: 5/5
  3177 | D:3      | Reached skill level 5 in Polearms
  3183 | D:3      | Reached skill level 5 in Fighting
  3632 | D:4      | Found a white marble altar of Elyvilon.
  3944 | D:4      | Noticed Grinder
  3951 | D:4      | Killed Grinder
  3952 | D:4      | Reached XP level 7. HP: 53/61 MP: 6/6
  4036 | D:4      | Found an opulent altar of Gozag.
  4087 | D:4      | Found an ancient bone altar of Kikubaaqudgha.
  4258 | D:4      | Found an ornate altar of the Wu Jian Council.
  4260 | D:4      | Found a hide-covered altar of Uskayaw.
  4260 | D:4      | Found a shimmering altar of Xom.
  4262 | D:4      | Found a basalt altar of Yredelemnul.
  4262 | D:4      | Found a glowing silver altar of Zin.
  4262 | D:4      | Found a hide-covered altar of Uskayaw.
  4401 | D:4      | Found a burning altar of Makhleb.
  4736 | D:5      | Entered Level 5 of the Dungeon
  4967 | D:5      | HP: 1/63 [ice beast (3)]
  4967 | D:5      | Mangled by an ice beast

Illustrated notes

Levels and vault maps discovered:
D:1:      amcnicky_arrival_feature_with_door, layout_basic
D:2:      layout_basic, kennysheep_potato
D:3:      layout_loops_cross, grunt_temple_overflow_open,
          hangedman_decor_opposing
D:4:      wander_river, layout_basic, mainiacjoe_overflow_six_doors_small,
          nicolae_gozag_seed_capital, demons_altar, doesnt_xom_only_xom,
          mainiacjoe_overflow_catwalk, uniq_grinder
D:5:      layout_basic, hangedman_glass_teeth

Skill      XL: |  1  2  3  4  5  6  7 |
---------------+----------------------+-----
Armour         | 1 2 3 4 |  4.5
Polearms       | 4 5 6 |  6.0
Throwing       | 1 2 3 |  3.7
Fighting       | 4 5 6 |  6.0
Evocations     | 1 2 3 |  3.4
Dodging        | |  3.2
Stealth        | |  1.5

Action                   |  1- 3 |  4- 6 |  7- 9 || total
-------------------------+-------+-------+-------++-------
Melee: Spear             |   114 |   181 |   116 ||   411
       Headbutt          |    22 |    19 |    24 ||    65
       Punch             |     3 |     1 |     1 ||     5
Evoke: Wand              |       |     2 |       ||     2
  Use: Scroll            |       |       |     5 ||     5
 Stab: Sleeping          |     7 |       |       ||     7
Armor: Robe              |    10 |       |       ||    10
       Leather armour    |     6 |     4 |       ||    10
       Scale mail        |       |    57 |       ||    57
       Chain mail        |       |     1 |    50 ||    51
Dodge: Dodged            |    57 |    53 |    39 ||   149
